Map: Kairos Junction LE

Players

LaFantome - Winner!

  • Race: Zerg Zerg
  • League: Master
  • Spawn Location: 11:00

LizardKingly

  • Race: Terran Terran
  • League: Diamond
  • Spawn Location: 5:00

VOD

Have the link to the VOD?

Description

Time

  • Played on: March 15, 2019, 12:58 p.m.
  • Length: 15:02
Show
View Real Time Build Order
Export as new Build Order

LaFantome Zerg - Winner!

Build Orders: Hatch First 

Get SALT Encoding   

  12  0:00  Drone  
  13  0:12  Overlord  
  13  0:17  Drone  
  14  0:31  Drone x2  
  14  0:35  Drone  
  17  0:52  Hatchery  
  17  0:55  Drone  
  17  0:58  Drone  
  18  1:09  Extractor  
  17  1:13  Spawning Pool  
  17  1:15  Drone  
  17  1:19  Drone  
  18  1:30  Drone  
  19  1:39  Drone  
  20  1:49  Overlord  
  20  2:00  Zergling x2  
  21  2:03  Queen x2  
  21  2:04  Zergling x2  
  26  2:09  Metabolic Boost  
  26  2:11  Drone  
  26  2:15  Drone  
  28  2:23  Drone  
  28  2:26  Drone  
  29  2:38  Hatchery  
  29  2:43  Drone x2  
  30  2:56  Overlord  
  30  2:59  Drone x3  
  30  3:02  Queen  
  35  3:10  Overlord, Drone  
  35  3:27  Drone  
  35  3:28  Drone x4  
  40  3:41  Drone  
  40  3:42  Drone x2  
  43  3:51  Queen x3  
  43  3:52  Drone x3  
  51  4:03  Zergling x2  
  51  4:04  Zergling x10  
  56  4:27  Spore Crawler x2  
  56  4:28  Drone  
  56  4:29  Spore Crawler, Drone x4  
  58  4:47  Overlord x2  
  57  4:57  Extractor  
  57  4:58  Lair  
  57  4:59  Drone x2  
  58  5:00  Roach Warren  
  58  5:01  Drone  
  58  5:02  Overlord x2  
  49  5:32  Drone  
  49  5:33  Drone x16  
  49  5:34  Drone x4  
  68  5:42  Drone x2  
  61  5:52  Drone x2  
  61  5:53  Drone  
  64  6:00  Hydralisk Den  
  63  6:11  Extractor  
  62  6:12  Extractor x2  
  62  6:14  Baneling Nest  
  59  6:20  Evolution Chamber  
  59  6:21  Drone  
  59  6:22  Evolution Chamber, Drone x14  
  72  6:32  Grooved Spines  
  72  6:42  Hatchery  
  72  6:43  Extractor  
  70  6:51  Overlord x2  
  70  6:52  Zergling x20  
  70  6:53  Zergling x2  
  81  7:06  Zerg Melee Weapons Level 1  
  81  7:07  Zerg Ground Armor Level 1  
  81  7:09  Zergling x12  
  87  7:19  Drone x3  
  90  7:25  Drone  
  90  7:26  Drone x3  
  90  7:27  Centrifical Hooks, Drone  
  95  7:45  Drone x2  
  95  7:46  Drone  
  95  7:47  Overlord  
  95  7:48  Overlord x5  
  98  7:56  Zergling x2  
  98  7:57  Zergling x10  
  104  8:00  Baneling x5  
  104  8:01  Baneling x10  
  104  8:03  Muscular Augments  
  104  8:25  Drone  
  104  8:26  Drone x6  
  111  8:27  Hydralisk x10  
  111  8:28  Hydralisk  
  111  8:30  Zergling x4  
  133  8:46  Zergling x2  
  133  8:47  Zergling x8  
  137  8:57  Zergling x10  
  137  8:58  Zergling x18  
  127  9:11  Zergling x2  
  127  9:12  Zergling x10  
  121  9:45  Zerg Ground Armor Level 2, Zerg Melee Weapons Level 2  
  121  9:46  Zergling x2, Infestation Pit  
  121  9:47  Zergling x30  
  136  9:54  Extractor  
  136  9:56  Extractor  
  135  10:07  Drone x3  
  135  10:08  Drone x3  
  138  10:18  Hatchery  
  138  10:20  Extractor  
  108  10:21  Extractor  
  108  10:24  Zergling x20  
  108  10:25  Zergling x12  
  116  10:36  Zergling x2  
  116  10:37  Zergling x8  
  116  10:42  Hive  
  121  10:44  Baneling  
  121  10:45  Baneling x5  
  121  10:46  Baneling x7  
  121  10:52  Zergling x2  
  121  10:53  Zergling x16  
  123  11:02  Zergling x2  
  123  11:03  Zergling x4  
  120  11:12  Baneling x10  
  120  11:22  Zergling x2  
  120  11:23  Zergling x26  
  133  11:28  Drone x3  
  136  11:33  Zergling x4  
  138  11:41  Zergling x12  
  138  11:42  Zergling x8  
  148  11:47  Zergling x2  
  148  11:48  Zergling x8  
  151  11:55  Zergling x4  
  151  11:56  Zergling x8  
  151  11:58  Adrenal Glands  
  151  12:00  Ultralisk Cavern  
  156  12:02  Zerg Ground Armor Level 3, Zerg Melee Weapons Level 3  
  156  12:03  Zergling x2  
  156  12:05  Overlord x4  
  156  12:07  Overlord x3  
  153  12:24  Drone  
  153  12:25  Drone x2  
  153  12:26  Drone  
  142  12:41  Zergling x8  
  142  12:42  Zergling x36  
  119  13:06  Zergling x2  
  119  13:07  Zergling x36  
  125  13:15  Zergling x16  
  125  13:16  Chitinous Plating  
  126  13:26  Zergling x16  
  125  13:35  Ultralisk x5  
  125  13:36  Ultralisk  
  159  13:45  Zergling x14  
  159  13:46  Zergling x2  
  167  13:54  Drone x2  
  167  13:55  Drone x2  
  171  13:56  Drone x3  
  173  14:11  Baneling  
  173  14:12  Baneling x7  
  173  14:13  Baneling x3  
  173  14:14  Zergling x2  
  173  14:15  Zergling x20  
  184  14:18  Hydralisk x3  
Show
View Real Time Build Order
Export as new Build Order

LizardKingly Terran 

Build Orders: Liberator Opening, Reaper Expand 

Get SALT Encoding   

  12  0:02  SCV  
  13  0:14  SCV  
  14  0:18  Supply Depot  
  14  0:26  SCV  
  15  0:40  SCV  
  16  0:43  Barracks  
  16  0:46  Refinery  
  16  0:52  SCV  
  17  1:04  SCV  
  18  1:16  SCV  
  19  1:30  Reaper, Orbital Command  
  20  1:44  Command Center  
  20  1:55  SCV  
  20  2:01  Supply Depot  
  21  2:02  Marine  
  21  2:07  Refinery, SCV  
  23  2:22  Factory  
  23  2:31  Barracks Reactor  
  23  2:32  SCV  
  24  2:44  SCV  
  25  2:58  Orbital Command  
  25  3:00  SCV  
  26  3:06  Starport  
  26  3:14  Hellion, SCV  
  26  3:15  Hellion  
  26  3:16  Barracks Tech Lab  
  31  3:24  SCV  
  32  3:27  Liberator  
  32  3:28  Supply Depot  
  32  3:32  SCV  
  33  3:34  Marine  
  33  3:36  Stimpack  
  33  3:40  Hellion x2  
  40  3:50  SCV x2  
  40  3:52  Supply Depot  
  40  3:54  Marine  
  43  4:04  Hellion x2, SCV x2  
  49  4:14  Marine  
  49  4:15  Supply Depot  
  50  4:21  SCV  
  51  4:26  SCV  
  51  4:27  Starport Reactor  
  52  4:37  SCV  
  53  4:39  Factory Tech Lab  
  53  4:40  Command Center  
  53  4:41  Supply Depot  
  53  4:42  Marine  
  53  4:45  SCV  
  55  4:55  SCV  
  56  5:00  Barracks x2  
  56  5:03  Supply Depot, Marine  
  56  5:04  Siege Tank  
  56  5:06  SCV  
  61  5:09  SCV  
  62  5:14  Starport Reactor  
  62  5:21  Marine  
  58  5:25  SCV x2  
  58  5:26  Engineering Bay  
  56  5:29  Engineering Bay  
  56  5:37  SCV  
  56  5:38  Siege Tank, Marine  
  56  5:41  Refinery  
  56  5:42  Refinery, Combat Shield  
  55  5:50  Marine x2  
  55  5:52  Medivac x2  
  55  5:53  Orbital Command  
  55  5:54  Marine  
  62  5:57  SCV  
  62  5:58  SCV  
  62  6:03  Marine x2  
  66  6:05  Terran Infantry Weapons Level 1  
  66  6:10  SCV, Marine x2  
  69  6:14  Orbital Command  
  69  6:17  Siege Tank  
  69  6:18  SCV  
  73  6:22  SCV  
  74  6:30  Marine x5  
  74  6:32  Medivac  
  81  6:35  SCV x2  
  81  6:37  Terran Infantry Armor Level 1  
  83  6:41  SCV  
  84  6:48  Marine  
  84  6:49  SCV x2  
  87  6:55  Marine x2  
  87  6:56  Siege Tank, Marauder  
  87  6:57  SCV  
  87  7:01  Armory, SCV  
  96  7:04  Supply Depot  
  96  7:07  SCV  
  97  7:12  SCV  
  97  7:13  SCV  
  99  7:18  Barracks  
  99  7:19  Marine x2, Barracks  
  99  7:20  Factory  
  99  7:21  Refinery  
  101  7:25  Marine x3  
  104  7:31  Siege Tank  
  104  7:33  SCV  
  104  7:34  SCV  
  109  7:37  Supply Depot  
  109  7:41  SCV, Marine  
  109  7:43  Supply Depot  
  111  7:44  Marine  
  111  7:45  Marauder, Marine x2  
  111  7:46  SCV  
  117  7:54  Terran Vehicle And Ship Armor Level 1  
  117  7:59  SCV x3, Medivac x2  
  117  8:00  Marine  
  117  8:05  Barracks Tech Lab, Marine  
  126  8:06  Barracks Reactor  
  126  8:07  Widow Mine  
  126  8:09  Factory Reactor  
  128  8:14  Marine  
  128  8:15  Marine  
  128  8:17  Terran Infantry Weapons Level 2  
  128  8:18  Command Center  
  130  8:29  Marine x2  
  132  8:36  Terran Infantry Armor Level 2  
  132  8:53  Widow Mine  
  133  8:59  Supply Depot  
  133  9:01  Widow Mine, Marauder, SCV, Supply Depot, Marine x3  
  141  9:03  Barracks  
  141  9:04  Marauder, Marine x2, Barracks  
  105  9:11  Marine  
  105  9:12  Medivac x2  
  98  9:20  Marine  
  98  9:21  Marine x2  
  98  9:22  Widow Mine x2, Marauder  
  98  9:23  Widow Mine  
  102  9:25  Marine x2  
  102  9:26  Marauder  
  102  9:28  SCV x2  
  102  9:29  Planetary Fortress  
  108  9:36  Marine  
  109  9:38  Marine  
  109  9:39  Marine  
  109  9:40  Supply Depot, Marine  
  109  9:43  Siege Tank, SCV x2, Marine  
  109  9:44  Marauder  
  120  9:46  Armory  
  120  9:47  SCV  
  120  9:51  Refinery, Marine  
  120  9:52  Barracks Tech Lab  
  125  9:56  SCV, Marine x2  
  125  9:57  Widow Mine x2  
  125  9:58  Barracks Reactor  
  129  10:04  Marine  
  129  10:05  Marauder, SCV, Marine  
  134  10:10  Command Center  
  132  10:14  Marauder  
  118  10:23  Medivac x2  
  116  10:30  Marine x2  
  116  10:31  Marine x2  
  116  10:32  Widow Mine x2, Marauder  
  116  10:34  Supply Depot  
  116  10:35  Armory, Terran Infantry Weapons Level 3  
  123  10:36  SCV x3  
  123  10:39  SCV  
  123  10:40  Refinery  
  127  10:45  Marine x3  
  127  10:46  Marauder  
  124  11:10  Starport  
  124  11:11  Terran Vehicle And Ship Armor Level 2  
  124  11:13  Terran Ship Weapons Level 1  
  124  11:15  Terran Infantry Armor Level 3  
  124  11:16  Supply Depot  
  124  11:24  Planetary Fortress  
  124  11:27  Marine x4  
  124  11:28  Marauder  
  124  11:29  Widow Mine x2  
  134  11:46  Marine x4  
  140  11:47  Marauder  
  140  11:48  Siege Tank  
  140  11:49  Medivac x2  
  140  11:50  Starport Reactor  
  147  11:55  Refinery  
  147  11:56  Marine  
  147  11:57  Marauder  
  147  12:01  Marauder, Marine x2  
  152  12:02  Widow Mine x2  
  152  12:04  Supply Depot, Refinery  
  152  12:07  Marine x3  
  161  12:12  Marine  
  161  12:13  Marauder  
  164  12:19  Sensor Tower  
  164  12:22  Command Center  
  164  12:26  Starport  
  164  12:30  Fusion Core  
  164  12:34  Marine x2  
  164  12:35  Marauder  
  164  12:36  Marine  
  164  12:37  Marine x3  
  163  12:38  Marauder, Medivac x3  
  131  13:03  Marine x11  
  110  13:14  Hi-Sec Auto Tracking  
  110  13:19  Liberator x2  
  96  13:20  Marine  
  96  13:21  Marine x8  
  96  13:22  Marauder x2  
  96  13:24  Widow Mine  
  96  13:25  Widow Mine, Siege Tank, Medivac  
  115  13:38  Marine  
  115  13:39  Marine x7  
  115  13:40  Marauder  
  131  13:43  Marauder x2  
  129  13:51  Command Center  
  127  13:56  Marine  
  127  13:57  Marine x4  
  127  14:00  Marine x3  
  127  14:01  Widow Mine, Marauder  
  127  14:02  Widow Mine  
  141  14:05  Marauder  
  141  14:06  Starport Tech Lab  
  143  14:11  SCV x3  
  143  14:12  Marine  
  143  14:14  Marine  
  148  14:20  Marine x2  
  148  14:22  Marauder  
Tags
 
Add a new tag
Caveats
  • Supply blocks, unpowered buildings, or Contaminate may cause inaccurate times.
  • Supply counts are checked every 10 seconds.